 Dungeon Crawl Stone Soup version 0.20.0-8-g6b59dc7 (webtiles) character file.

757 straycat the Cutter (level 7, -15/54 HPs)
             Began as a Vampire Wanderer on May 30, 2017.
             Demolished by an ogre
             ... wielding a +0 giant spiked club
              (31 damage)
             ... on level 4 of the Dungeon.
             The game lasted 00:32:04 (6044 turns).

straycat the Cutter (Vampire Wanderer)              Turns: 6044, Time: 00:32:05

Health: -15/54     AC:  3    Str: 10    XL:     7   Next: 50%
Magic:  8/8        EV: 14    Int: 13    God:
Gold:   208        SH:  0    Dex: 18    Spells: 7/8 levels left

rFire    . . .     SeeInvis +   w - +1 trident (pierce)
rCold    . . .     Gourm    .   (no shield)
rNeg     + . .     Faith    .   l - +0 leather armour
rPois    .         Spirit   .   (no helmet)
rElec    .         Reflect  .   (no cloak)
rCorr    .         Harm     .   (no gloves)
MR       .....                  (no boots)
Stlth    +++.......             v - amulet of regeneration
Regen    0.6/turn               (no ring)
MPRegen  0.2/turn               (no ring)

@: no status effects
A: fangs 3, see invisible, unbreathing
a: Bat Form


You were on level 4 of the Dungeon.
You were not thirsty.

You visited 1 branch of the dungeon, and saw 5 of its levels.

You collected 208 gold pieces.

Inventory:

Hand Weapons
 b - a +0 short sword
 s - a +0 shortbow
 w - a +1 trident of piercing (weapon)
 B - a +0 scythe
Missiles
 g - 172 stones (quivered)
 t - 2 arrows
 A - 16 sling bullets
Armour
 i - a +0 ring mail
 l - a +0 leather armour (worn)
Jewellery
 v - an amulet of regeneration (around neck)
Scrolls
 d - a scroll of enchant armour {unknown}
 e - a scroll of fog {unknown}
 j - a scroll of blinking {unknown}
 k - a scroll of recharging {unknown}
 m - 4 scrolls of identify {unknown}
 n - 2 scrolls of remove curse
 r - a scroll of magic mapping {unknown}
 u - a scroll of enchant weapon {unknown}
 y - a scroll of immolation {unknown}
Potions
 c - 3 potions of curing
 f - 22 potions of blood
 h - 3 potions of flight {unknown}
 o - a potion of haste {unknown}
 p - a potion of agility {unknown}
 q - a potion of cancellation {unknown}
 x - a potion of heal wounds {unknown}
 z - 3 potions of mutation {unknown}
Books
 a - a book of Maledictions

   Spells                             Type                      Level
   a - Corona                         Hexes                        1
   b - Ensorcelled Hibernation        Hexes/Ice                    2
   c - Confuse                        Hexes                        3
   d - Tukima's Dance                 Hexes                        3
   e - Dazzling Spray                 Conjuration/Hexes            3


   Skills:
 * Level 4.1 Fighting
 * Level 5.8 Short Blades
 * Level 4.8 Dodging
 + Level 5.4 Stealth
 - Level 1.0 Spellcasting
 - Level 3.0 Hexes
   Level 1.0 Evocations


You had 7 spell levels left.
You knew the following spells:

 Your Spells              Type           Power        Failure   Level  Hunger
a - Corona                Hex            #......      11%         1    ##.....


Dungeon Overview and Level Annotations

Branches:
Dungeon (5/15)             Temple (0/1) D:5

Altars:
Dithmenos
Nemelex Xobeh
Ru
Vehumet
Xom


Innate Abilities, Weirdness & Mutations

You have razor-sharp teeth.
You have supernaturally acute eyesight. (SInv)
You can survive without breathing.


Message History

The ogre is moderately wounded.
The ogre barely misses you.
Attack whom?
Press: ? - help, Dir - move target cursor, f/p - ogre
Aim: an ogre, wielding a giant spiked club (moderately wounded, softly glowing)
You hit the ogre.
The ogre is heavily wounded.
The ogre hits you with a giant spiked club!!
Attack whom?
Press: ? - help, Dir - move target cursor, f/p - ogre
Aim: an ogre, wielding a giant spiked club (heavily wounded, softly glowing)
You hit the ogre.
The ogre is heavily wounded.
The ogre hits you with a giant spiked club!!
* * * LOW HITPOINT WARNING * * *
You hit the ogre.
The ogre is severely wounded.
The ogre hits you with a giant spiked club!!
Ouch! That really hurt!
You die...

#..#.#.##.##.......#
#..#....#.##.......#
#.<######.##.......#
#..# #####'### #...
#.# ##.##
#######.#.# ...
#.<.....#.#
#.#####.#######O#
#.#....@O.(.(...#
#.#.###.#########
#'# ... #.... #..$..
#.....# #######


You could see an ogre.

Vanquished Creatures
  Sigmund (D:2)
  An ogre (D:5)
  A centaur (D:5)
  2 howler monkeys (D:5)
  2 hounds (D:4)
  2 orc priests (D:3)
  Terence (D:2)
  Natasha (twice) (D:2)
  3 gnolls (D:2)
  5 adders
  4 leopard geckos
  10 orcs
  9 giant cockroaches
  13 goblins
  7 hobgoblins
  A jackal (D:2)
  2 quokkas (D:3)
  5 bats
  5 frilled lizards
  5 kobolds
  8 rats
89 creatures vanquished.

Vanquished Creatures (others)
  A kobold (D:1)
  A ball python (D:1)
  A bat (D:1)
3 creatures vanquished.

Grand Total: 92 creatures vanquished

Notes
Turn   | Place    | Note
-------+----------+-------------------------------------------
     0 | D:1      | straycat the Vampire Wanderer began the quest for the Orb.
     0 | D:1      | straycat set off with: a book of Maledictions, a +0 short sword, a potion of curing, a +0 robe, a +0 dagger, a potion of blood
     0 | D:1      | Reached XP level 1. HP: 15/15 MP: 2/2
     2 | D:1      | Learned a level 1 spell: Corona
   505 | D:1      | Reached XP level 2. HP: 21/21 MP: 1/3
  1114 | D:1      | Reached skill level 1 in Dodging
  1649 | D:2      | Reached XP level 3. HP: 26/26 MP: 0/4
  1892 | D:2      | Found a shadowy altar of Dithmenos.
  1944 | D:2      | Noticed Natasha
  2014 | D:2      | HP: 1/27 [Natasha/magic dart (9)]
  2335 | D:3      | Reached XP level 4. HP: 33/33 MP: 0/5
  2360 | D:3      | Found a sparkling altar of Nemelex Xobeh.
  2380 | D:3      | Found a radiant altar of Vehumet.
  2677 | D:5      | Entered Level 5 of the Dungeon
  2677 | D:5      | Noticed a centaur
  2682 | D:5      | Killed a centaur
  2682 | D:5      | Reached XP level 5. HP: 26/39 MP: 6/6
  3010 | D:5      | Noticed an ogre
  3067 | D:5      | Found a staircase to the Ecumenical Temple.
  3075 | D:5      | Killed an ogre
  3075 | D:5      | Reached XP level 6. HP: 45/47 MP: 3/7
  3304 | D:4      | Reached skill level 5 in Short Blades
  3874 | D:3      | HP: 1/47 [orc priest/divine providence (9)]
  5373 | D:2      | Noticed Terence
  5377 | D:2      | Killed Terence
  5377 | D:2      | Reached skill level 5 in Stealth
  5377 | D:2      | Reached XP level 7. HP: 52/52 MP: 8/8
  5532 | D:2      | Killed Natasha
  5622 | D:2      | Noticed Natasha
  5637 | D:2      | Killed Natasha
  5714 | D:2      | Noticed Sigmund
  5715 | D:2      | Found a sacrificial altar of Ru.
  5715 | D:2      | Found a shimmering altar of Xom.
  5724 | D:2      | Killed Sigmund
  6044 | D:4      | Demolished by an ogre

Skill      XL: |  1  2  3  4  5  6  7 |
---------------+----------------------+-----
Dodging        | 1 2 3 4 |  4.8
Short Blades   | 4 5 |  5.8
Fighting       | 2 3 4 |  4.1
Stealth        | 4 5 |  5.4
Spellcasting   | |  1.0
Hexes          | |  3.0
Evocations     | |  1.0

Action                   |  1- 3 |  4- 6 |  7- 9 || total
-------------------------+-------+-------+-------++-------
Melee: Short sword       |   135 |    81 |       ||   216
       Bite              |     7 |    16 |       ||    23
       Spear             |       |    48 |       ||    48
       Dagger            |       |    15 |       ||    15
       Trident           |       |     4 |    56 ||    60
 Fire: Shortbow          |       |    33 |     2 ||    35
Throw: Stone             |     1 |     4 |       ||     5
 Cast: Corona            |    39 |    35 |     9 ||    83
 Abil: End Transformatio |     1 |     3 |       ||     4
       Bat Form          |     1 |     3 |       ||     4
  Use: Potion            |     5 |     9 |     2 ||    16
       Scroll            |       |     1 |       ||     1
 Stab: Sleeping          |     2 |     5 |       ||     7
  Eat: Corpse            |       |     1 |       ||     1
Armor: Leather armour    |    30 |    12 |     3 ||    45
       Robe              |     1 |       |       ||     1
       Ring mail         |       |    11 |       ||    11
Dodge: Dodged            |    75 |    87 |    34 ||   196
